 Dungeon Crawl Stone Soup version 0.14-a0-1876-g927fc3a (webtiles) character file.

157 Kae the Ruffian (level 4, -1/35 HPs)
             Began as a Draconian Transmuter on Jan 14, 2014.
             Slain by Terence
             ... wielding a +1,+0 elven trident
              (4 damage)
             ... on Level 3 of the Dungeon.
             The game lasted 00:01:35 (1303 turns).

Kae the Ruffian (Draconian Transmuter)              Turns: 1303, Time: 00:01:36

HP  -1/35        AC  5     Str 13      XL: 4   Next:  9%
MP   7/7         EV 12     Int 13      God:
Gold 83          SH  0     Dex  8 (12) Spells:  3 memorised,  1 level left

rFire  . . .     SeeInvis .       - Unarmed
rCold  . . .     Clarity  .     (armour unavailable)
rNeg   . . .     Conserve .     (no shield)
rPois  .         rCorr    .     (helmet restricted)
rElec  .         rRot     .     (no cloak)
SustAb . .       Spirit   .     (no gloves)
rMut   .         Warding  .     (boots unavailable)
Saprov . . .     Stasis   .     (no amulet)
MR     .....                    (no ring)
                                (no ring)

@: appendage (expiring), not resistant to hostile enchantments, very unstealthy
A: unfitting armour, talons 3, AC +5
a: End Transformation


You were on level 3 of the Dungeon.
You were not hungry.
You had grown temporary talons.
You visited 1 branch of the dungeon, and saw 3 of its levels.

You collected 83 gold pieces.

Inventory:

Missiles
 b - 12 arrows
Magical devices
 l - a wand of flame (8)
Comestibles
 a - 5 bread rations
 c - 2 apples
 f - 2 meat rations
 p - 2 chunks of hobgoblin flesh
Scrolls
 i - 2 scrolls of identify {unknown}
 j - a scroll of curse jewellery {unknown}
 k - a scroll of remove curse {unknown}
 m - a scroll of fear {unknown}
 n - a scroll of noise {unknown}
Jewellery
 h - an uncursed amulet of clarity {unknown}
 o - an uncursed ring of poison resistance {unknown}
Books
 d - a book of Changes

   Spells                             Type                      Level
   *Beastly Appendage                 Transmutation                1
   *Sticks to Snakes                  Transmutation                2
   *Spider Form                       Transmutation/Poison         3
   Ice Form                           Ice/Transmutation            4
   Blade Hands                        Transmutation                5


   Skills:
 - Level 1.1 Fighting
 - Level 1.7 Dodging
 * Level 4.3 Unarmed Combat
 - Level 2.0 Spellcasting
 + Level 3.0 Transmutations


You had one spell level left.
You knew the following spells:

 Your Spells              Type           Power        Failure   Level  Hunger
a - Beastly Appendage     Trmt           #.....       10%         1    ##.....
b - Sticks to Snakes      Trmt           #.........   12%         2    ###....
c - Spider Form           Trmt/Pois      #.........   38%         3    ####...


Dungeon Overview and Level Annotations

Branches:
Dungeon (3/16)

Altars:

Annotations:
D:3 Terence


Innate Abilities, Weirdness & Mutations

Your plain brown scales are hard (AC +5).*
Your body does not fit into most forms of armour.
Your cold-blooded metabolism reacts poorly to cold.
You have claws for feet.*


Message History

You tail-slap Terence, but do no damage.
Terence is severely wounded.
The orc hits you but does no damage. Terence hits you with an elven trident.
* * * LOW HITPOINT WARNING * * *
The rat bites you but does no damage. The orc closely misses you.
Drink which item? (? for menu, Esc to quit)
Okay, then.
Read which item? (? for menu, Esc to quit)
As you read the scroll labeled KUISUGO LUIGOUGRA, it crumbles to dust.
Nothing appears to happen.
The orc closely misses you. Terence hits you with an elven trident.
* * * LOW HITPOINT WARNING * * *
The rat barely misses you. The orc hits you.
* * * LOW HITPOINT WARNING * * *
Drink which item? (? for menu, Esc to quit)
There was something very wrong with that liquid!
You feel clumsy.
It was a potion of degeneration.
The orc hits you but does no damage. The rat misses you. The orc misses you.
Terence hits you with an elven trident.
You die...

#.........)#####......
#.........>...........
#.........######......
#.........# #......
###..(......# #......
............# #......
..........#########....).
..........# #............
.......o@.# #............
......or@o# #............
.........# #............
.........# #............
.........# #............
.....?..# #######......
........ ####### ####...
#..


You could see Terence, an orc wizard, 2 orcs and a rat.

Vanquished Creatures
  A gnoll (D:1)
  3 adders
  A ball python (D:2)
  4 bats
  2 giant cockroaches
  7 hobgoblins
  5 jackals
  5 kobolds
  A giant gecko (D:1)
  2 giant newts
  3 goblins
  3 rats
37 creatures vanquished.

Notes
Turn   | Place    | Note
--------------------------------------------------------------
     0 | D:1      | Kae, the Draconian Transmuter, began the quest for the Orb.
     0 | D:1      | Reached XP level 1. HP: 16/16 MP: 3/3
   214 | D:1      | Reached XP level 2. HP: 20/23 MP: 2/4
   644 | D:2      | Reached XP level 3. HP: 26/28 MP: 4/6
   648 | D:2      | Learned a level 2 spell: Sticks to Snakes
   652 | D:2      | Learned a level 3 spell: Spider Form
   933 | D:2      | Reached skill level 4 in Unarmed Combat
  1221 | D:3      | Reached XP level 4. HP: 33/35 MP: 7/7
  1286 | D:3      | Noticed Terence
  1303 | D:3      | Slain by Terence

Action                   |  1- 3 |  4- 6 || total
-------------------------+-------+-------++-------
Melee: Unarmed           |   134 |    31 ||   165
 Cast: Beastly Appendage |     9 |     1 ||    10
Evoke: Wand              |       |     3 ||     3
  Use: Potion            |     1 |     1 ||     2
       Scroll            |       |     1 ||     1
 Stab: Sleeping          |     1 |       ||     1
